Map: Terrassen von Prion

Players

VBPreina - Winner!

  • Race: Zerg Zerg
  • League: Diamond

Berzerker

  • Race: Terran Terran
  • League: Silver

VOD

Have the link to the VOD?

Description

Win VBPreina

Time

  • Played on: Dec. 15, 2015, 11:02 a.m.
  • Length: 7:51
Show
View Real Time Build Order
Export as new Build Order

VBPreina Zerg - Winner!

Build Orders: Hatch First 

Get SALT Encoding   

  12  0:07  Overlord  
  12  0:12  Drone  
  13  0:17  Drone  
  14  0:27  Drone  
  15  0:31  Drone  
  16  0:42  Drone  
  17  0:54  Hatchery  
  17  0:55  Drone  
  17  1:01  Extractor  
  17  1:03  Drone  
  17  1:14  Drone  
  18  1:18  Spawning Pool  
  17  1:26  Overlord  
  17  1:34  Drone  
  18  1:46  Drone  
  19  2:06  Queen x2  
  23  2:09  Zergling x6  
  23  2:15  Metabolic Boost  
  26  2:20  Drone  
  26  2:21  Drone  
  28  2:34  Baneling Nest, Drone  
  28  2:35  Drone  
  29  2:45  Queen  
  29  2:46  Overlord  
  31  2:57  Drone  
  32  3:03  Zergling x8  
  35  3:19  Overlord  
  35  3:20  Overlord  
  35  3:22  Drone x3  
  35  3:23  Drone x2  
  40  3:33  Drone  
  40  3:34  Drone  
  42  3:41  Lair  
  42  3:51  Drone x3, Extractor  
  42  3:52  Drone x3, Extractor  
  42  3:53  Drone  
  42  3:54  Drone x2  
  48  4:02  Baneling  
  47  4:03  Baneling x5  
  47  4:11  Spine Crawler  
  47  4:14  Drone  
  47  4:15  Drone  
  48  4:18  Extractor  
  47  4:27  Overlord x2  
  47  4:28  Overlord  
  45  4:33  Zergling x12  
  49  5:02  Drone x2, Spire  
  49  5:03  Drone x3  
  52  5:07  Hatchery, Zergling x2  
  52  5:08  Zergling x4  
  53  5:35  Drone  
  54  5:38  Evolution Chamber  
  54  5:40  Evolution Chamber, Zergling x2  
  54  5:41  Zergling x14  
  55  5:46  Baneling x3  
  55  5:47  Baneling  
  55  5:48  Centrifical Hooks  
  55  5:51  Hatchery, Drone  
  55  5:52  Drone  
  56  6:09  Overlord x3  
  56  6:10  Zergling x2  
  56  6:11  Zergling x4  
  57  6:15  Baneling x12  
  48  6:40  Zergling x18  
  48  6:41  Zergling x4  
  57  6:50  Queen  
  57  6:51  Drone x2  
  61  7:02  Baneling  
  61  7:03  Baneling x6  
  61  7:05  Zergling x2  
  61  7:06  Zergling x12  
  68  7:17  Drone x4  
  68  7:18  Drone  
  68  7:19  Overlord  
  73  7:34  Zergling x8  
Show
View Real Time Build Order
Export as new Build Order

Berzerker Terran 

Build Orders: Command Center First (CC) 

Get SALT Encoding   

  12  0:01  SCV  
  13  0:13  SCV  
  14  0:19  Supply Depot  
  14  0:25  SCV  
  15  0:40  SCV  
  16  0:52  SCV  
  17  1:02  Command Center  
  17  1:04  SCV  
  18  1:17  SCV  
  19  1:32  Barracks x2  
  19  1:34  SCV  
  20  1:46  SCV  
  21  1:55  Supply Depot  
  21  1:58  SCV  
  24  2:19  Orbital Command x2  
  24  2:22  Marine  
  22  2:23  Marine  
  22  2:27  Refinery  
  24  2:40  Marine x2  
  24  2:41  Barracks  
  26  2:52  SCV x2  
  26  2:55  Bunker  
  26  2:58  Marine x2  
  28  3:04  SCV x2  
  30  3:16  SCV x2, Marine x2  
  33  3:28  SCV x2  
  33  3:33  Barracks  
  33  3:34  Marine x2  
  35  3:35  Barracks  
  35  3:36  Barracks  
  35  3:40  SCV x2  
  35  3:51  Marine  
  35  3:52  Marine  
  36  3:56  SCV x2  
  37  4:08  SCV x2  
  37  4:09  Marine x2  
  41  4:20  SCV x2  
  43  4:25  Marine x3  
  43  4:31  Marine x3  
  46  4:32  Supply Depot  
  46  4:36  Supply Depot  
  43  4:43  Marine x3  
  45  4:48  Marine  
  46  4:53  Marine x2  
  48  5:02  SCV  
  48  5:03  SCV  
  50  5:11  Marine x2  
  50  5:13  Marine  
  50  5:14  SCV, Marine x3  
  50  5:15  SCV  
  50  5:27  SCV  
  52  5:29  Marine x2  
  52  5:31  Marine x2  
  52  5:32  Marine x2  
  56  5:52  Supply Depot x2  
  56  5:54  Supply Depot  
  56  6:13  Marine x6  
  56  6:14  SCV  
  62  6:21  Supply Depot  
  62  6:22  Supply Depot  
  62  6:24  Supply Depot  
  62  6:26  SCV  
  62  6:31  Marine x6  
  69  6:33  Engineering Bay  
  69  6:34  Engineering Bay  
  69  6:38  SCV  
  47  6:49  Marine x4  
  47  6:51  Marine  
  47  6:52  Marine  
  53  7:17  Bunker  
  53  7:22  Marine  
  54  7:23  Marine x5  
Tags
 
Add a new tag
Caveats
  • Supply blocks, unpowered buildings, or Contaminate may cause inaccurate times.
  • Supply counts are checked every 10 seconds.